 Dungeon Crawl Stone Soup version 0.24-a0-7-g1bb0902 (webtiles) character file.

Game seed: 17137668622070196110

121242 Blackhawk the Fighter (level 16, -11/107 HPs)
             Began as a Gargoyle Gladiator on Jan 30, 2019.
             Was the Champion of Okawaru.
             Mangled by an enormous slime creature (49 damage)
             ... on level 3 of the Swamp.
             The game lasted 01:41:36 (43788 turns).

Blackhawk the Fighter (Gargoyle Gladiator)         Turns: 43788, Time: 01:41:36

Health: -11/107    AC: 34    Str: 25    XL:     16   Next: 84%
Magic:  20/21      EV: 12    Int: 15    God:    Okawaru [******]
Gold:   2222       SH: 20    Dex: 11    Spells: 15/15 levels left

rFire    + + .     SeeInvis .   b - +5 flail of the Unseen Realm {crush, rF+}
rCold    . . .     Gourm    .   k - +1 large shield {AC+3}
rNeg     + + .     Faith    .   q - +3 ring mail
rPois    ∞         Spirit   .   Z - +2 hat
rElec    +         Reflect  .   G - +2 cloak
rCorr    .         Harm     .   t - +0 pair of gloves "Wurysox" {Stlth+}
MR       +....                  g - +0 pair of boots
Stlth    ++........             u - amulet of Moxielojo {+Blink +Rage rN+ Int+6}
HPRegen  0.27/turn              V - +4 ring of slaying
MPRegen  0.17/turn              Y - ring of protection from fire

@: flying
A: big wings, negative energy resistance 1, electricity resistance, unbreathing,
petrification resistance, rot immunity, AC +12
a: Stop Flying, Heroism, Finesse, Renounce Religion, Evoke Blink, Evoke Berserk
Rage


You were on level 3 of the Swamp.
You worshipped Okawaru.
Okawaru was exalted by your worship.
You were not hungry.

You visited 6 branches of the dungeon, and saw 28 of its levels.
You also visited: Sewer, Ossuary and Ice Cave.

You collected 2902 gold pieces.
You spent 680 gold pieces at shops.

Inventory:

Hand Weapons
 a - the +4 whip "Ranem" {slash, rElec Int+7 Dex-2}
   (You found it on level 5 of the Dungeon)

   It inflicts extra damage upon your enemies.
   It affects your intelligence (+7).
   It affects your dexterity (-2).
   It insulates you from electricity.
 b - the +5 flail of the Unseen Realm (weapon) {crush, rF+}
   (Okawaru gifted it to you on level 2 of the Orcish Mines)

   It inflicts extra damage upon your enemies.
   It protects you from fire.
 E - a +2 dire flail of venom
 F - the +8 hand crossbow "Sanilor" {penet, Str+3 Stlth+}
   (Okawaru gifted it to you on level 1 of the Swamp)

   Ammo fired by it will pass through the targets it hits, potentially hitting
   all targets in its path until it reaches maximum range.
   It affects your strength (+3).
   It makes you more stealthy.
 J - the +12 Vampire's Tooth {vamp}
   (You took it off an orc warrior on level 5 of the Dungeon)

   It inflicts no extra harm, but heals its wielder when it wounds a living foe.
 K - the +7 lajatang of Order {silver, rMut}
   (You found it on level 3 of the Swamp)

   It protects you from mutation.
Missiles
 d - 6 throwing nets
 w - 8 poisoned javelins
 W - 48 tomahawks (quivered)
Armour
 g - a +0 pair of boots (worn)
 k - a +1 large shield of protection (worn)
 q - a +3 ring mail (worn)
 t - the +0 pair of gloves "Wurysox" (worn) {Stlth+}
   (Okawaru gifted it to you on level 3 of the Lair of Beasts)

   It makes you more stealthy.
 G - a +2 cloak (worn)
 Z - a +2 hat (worn)
Jewellery
 o - an uncursed ring of positive energy
 u - the amulet of Moxielojo (around neck) {+Blink +Rage rN+ Int+6}
   (You found it on level 6 of the Lair of Beasts)

   [amulet of rage]

   It affects your intelligence (+6).
   It protects you from negative energy.
   It lets you blink.
   It lets you go berserk.
 H - an uncursed ring of protection from magic
 O - an uncursed ring of see invisible
 Q - the ring "Micotz" {rC+ Int+4}
   (You found it on level 3 of the Lair of Beasts)

   [ring of protection from cold]

   It affects your intelligence (+4).
   It protects you from cold.
 V - a +4 ring of slaying (left hand)
 Y - a ring of protection from fire (right hand)
Wands
 c - a wand of enslavement (5)
 e - a wand of digging (10)
 p - a wand of random effects (12)
 v - a wand of clouds (1)
 C - a wand of paralysis (16)
 M - a wand of polymorph (7)
 N - a wand of iceblast (20)
Scrolls
 h - 9 scrolls of fog
 j - 17 scrolls of teleportation
 m - 3 scrolls of enchant armour
 n - 11 scrolls of remove curse
 r - 4 scrolls of amnesia
 y - 4 scrolls of blinking
 B - 4 scrolls of magic mapping
 L - a scroll of brand weapon
 P - 4 scrolls of enchant weapon
 S - 2 scrolls of summoning
 X - 3 scrolls of fear
Potions
 i - 2 potions of might
 l - a potion of haste
 s - 6 potions of heal wounds
 x - 4 potions of invisibility
 z - 2 potions of brilliance
 A - 8 potions of curing
 D - 4 potions of mutation
 I - 3 potions of berserk rage
 R - 2 potions of resistance
Miscellaneous
 T - a phantom mirror
Comestibles
 f - 35 rations
 U - 9 chunks of flesh


   Skills:
 * Level 14.7 Fighting
 - Level 13.3 Maces & Flails
 * Level 1.5(9.0) Staves
 - Level 11.5 Throwing
 + Level 12.4 Armour
 - Level 8.2 Dodging
 - Level 12.2 Shields
 - Level 6.9 Invocations
 + Level 1.6 Evocations


You had 15 spell levels left.
You didn't know any spells.
Your spell library contained the following spells:

 Spells                   Type           Power        Failure   Level  Hunger
 Apportation              Tloc           #.....       88%         1    ##.....
 Flame Tongue             Conj/Fire      #....        88%         1    ##.....
 Passwall                 Tmut/Erth      #.......     96%         2    ###....
 Throw Flame              Conj/Fire      #.....       96%         2    ###....
 Conjure Flame            Conj/Fire      #.......     99%         3    ####...
 Ignite Poison            Fire/Tmut/Pois #.......     99%         3    ####...
 Inner Flame              Hex/Fire       #.......     99%         3    ####...
 Static Discharge         Conj/Air       #.......     99%         3    ####...
 Leda's Liquefaction      Hex/Erth       #.........   100%        4    #####..
 Petrify                  Tmut/Erth      #.......     100%        4    #####..
 Sticky Flame             Conj/Fire      #.......     100%        4    #####..
 Alistair's Intoxication  Tmut/Pois      #.......     100%        5    ######.
 Bolt of Magma            Conj/Fire/Erth #.........   100%        5    ######.
 Borgnjor's Vile Clutch   Necr/Erth      #.........   100%        5    ######.
 Fireball                 Conj/Fire      #.........   100%        5    ######.
 Irradiate                Conj/Tmut      #.........   100%        5    ######.
 Lee's Rapid Deconstruct  Erth           #.........   100%        5    ######.
 Lightning Bolt           Conj/Air       #.........   100%        5    ######.
 Iron Shot                Conj/Erth      #.........   100%        6    #######
 Malign Gateway           Summ/Tloc      #.........   100%        7    #######
 Ignition                 Fire           #.........   100%        8    #######
 Shatter                  Erth           #.........   100%        9    #######
 Tornado                  Air            #.........   100%        9    #######
 Sublimation of Blood     Necr           Unusable     N/A         2    N/A
 Statue Form              Tmut/Erth      Unusable     N/A         6    N/A

Dungeon Overview and Level Annotations

Branches:
Dungeon (15/15)            Temple (1/1) D:5            Lair (6/6) D:11
  Swamp (3/4) Lair:4       Spider (0/4) Lair:4        Slime (0/5) Lair:6
    Orc (2/2) D:10            Elf (0/3) Orc:2        Vaults (0/5) D:14
 Depths (1/5) D:15

Altars:
Ashenzari
Cheibriados
Dithmenos
Elyvilon
Fedhas
Gozag
Hepliaklqana
Kikubaaqudgha
Makhleb
Nemelex Xobeh
Okawaru
Qazlal
Ru
Sif Muna
Trog
Uskayaw
Vehumet
Wu Jian
Xom
Yredelemnul
Zin
The Shining One
Beogh
Jiyva

Shops:
D:4 ?   D:7 =   D:8 %   Orc:2 =?(*}

Portals:
Pandemonium: Orc:2

Annotations:
Lair:5 exclusion: oklob plant
Lair:6 exclusion: oklob plant
Swamp:3 3 runed translucent doors, Blackhawk's ghost, journeyman DsFi; Giowk's ghost, adept DrTm; Xosh's ghost, journeyman FeBe
Orc:1 3 runed translucent doors, Wombat's ghost, journeyman FoSk
Orc:2 3 exclusions


Innate Abilities, Weirdness & Mutations

You are resistant to torment.
Your stone body is resilient. (AC +12)
You are immune to poison.
Your large and strong wings let you fly indefinitely.
You resist negative energy. (rN+)
You are resistant to electric shocks. (rElec)
You can survive without breathing.
You are immune to petrification.
You are immune to rotting.


Message History

The slime creature hits you. You block the slime creature's attack.
A large slime creature splits.
You bludgeon the slime creature!!
The slime creature is severely wounded.
You bludgeon the slime creature!!
You kill the slime creature!
Okawaru accepts your kill. The large slime creature hits you!
You sock the slime creature!
The slime creature is lightly wounded.
Two slime creatures merge to form a large slime creature.
The large slime creature hits you!!
You enter the shallow water.
Moving in this stuff is going to be slow.
A slime creature suddenly becomes an enormous slime creature.
You fly up into the air.
You feel somewhat more hungry.
You block the enormous slime creature's attack.
The enormous slime creature hits you!!!
You die...

..≈≈≈.≈.. ≈≈≈≈≈≈≈≈≈≈≈≈ ♣♣≈≈≈♣
≈≈≈≈≈≈.♣♣♣≈≈≈≈≈≈≈≈≈≈≈♣♣♣≈...♣♣♣ ♣
≈≈≈..≈≈..≈≈≈≈≈♣≈≈≈≈≈≈ ♣....≈≈.♣♣♣
≈≈≈.[≈≈≈≈.♣♣≈≈≈≈≈♣≈≈♣ ♣.≈.≈≈≈...≈
≈≈....≈≈...♣♣♣≈♣≈≈..♣♣♣...≈≈≈..≈≈
≈...≈≈≈♣≈..♣♣§..≈≈≈.≈<≈≈≈♣♣.≈≈≈≈≈
...♣≈≈≈≈♣♣..♣≈≈≈..♣...≈≈.♣♣≈≈≈≈≈.
.≈.♣≈≈≈≈≈♣..♣♣.≈≈.♣≈≈≈..≈...≈≈≈§.
♣♣.♣≈≈≈≈≈≈≈[.♣.≈@♣♣.≈≈.≈♣.≈≈≈≈≈≈.
♣♣≈♣≈≈≈≈≈≈.≈♣♣..J♣♣♣≈.....≈≈≈≈≈≈.
≈♣♣♣♣≈≈≈≈...≈♣......§.≈≈..≈≈.≈≈..
♣♣ ♣♣♣≈♣.≈≈.♣♣♣.......≈≈.♣...♣≈..
♣ ♣≈≈≈♣♣≈♣♣≈≈≈.≈§≈≈♣♣≈≈≈.♣♣♣♣♣†.
♣♣♣♣.≈≈♣♣♣♣.≈.>.≈≈≈≈.≈...≈♣ ♣♣§
§♣..♣♣♣♣♣♣.≈≈≈.≈≈≈≈≈≈...♣♣♣ ♣†
..≈≈♣..≈♣♣≈≈≈..≈≈≈≈≈≈≈..≈♣ ♣≈
.≈♣♣≈≈≈≈♣♣§..♣♣.....≈≈.♣♣♣ ♣§


You could see an enormous slime creature.

Vanquished Creatures
  Kirke (D:12)
  An azure jelly (Lair:6)
  2 entropy weavers
  Nessos (D:13)
  Snorg (D:11)
  2 ettins
  2 death oozes (Lair:6)
  A yaktaur captain (D:15)
  A great orb of eyes (Lair:6)
  A catoblepas (Lair:4)
  12 hydras
  5 centaur warriors
  3 ghost crabs
  3 two-headed ogres
  9 alligators
  The ghost of Taehiq the Destroyer, a journeyman DECj of Vehumet (Lair:2)
  A death knight (D:13)
  Urug (Lair:6)
  5 orc high priests (Orc:2)
  2 sun demons (Orc:2)
  5 fire crabs (Lair:3)
  3 unseen horrors
  An infernal demonspawn (Orc:2)
  7 swamp dragons
  5 orc knights
  A necromancer (IceCv)
  A wizard (D:14)
  6 orc sorcerers (Orc:2)
  10 ugly things
  5 cyclopes
  3 black mambas
  An ice statue (IceCv)
  2 manticores
  An apocalypse crab (Lair:3)
  12 elephants
  14 spiny frogs
  13 freezing wraiths
  A rime drake (shapeshifter) (D:15)
  3 rime drakes
  5 komodo dragons
  A yaktaur (D:15)
  5 trolls
  7 tyrant leeches
  5 hornets
  6 bog bodies
  10 slime creatures
  7 polar bears
  3 blink frogs (Lair:5)
  6 dream sheep
  7 hippogriffs
  2 shadows
  14 spriggans (Lair:6)
  3 redbacks (Lair:4)
  2 wraiths
  A vampire (D:15)
  51 yaks
  2 wyverns (Lair:3)
  A ynoxinul (Orc:2)
  A chaos spawn (Orc:2)
  3 hogs (D:12)
  2 hungry ghosts
  A basilisk (Lair:2)
  20 vampire mosquitoes
  7 swamp worms
  4 wargs
  2 acid dragons
  An insubstantial wisp (D:13)
  11 water moccasins
  Purgy (Sewer)
  9 porcupines
  5 swamp drakes
  18 ice beasts
  36 orc warriors
  6 boggarts
  5 black bears
  A necrophage (D:12)
  3 phantoms
  An alligator simulacrum (IceCv)
  20 wolves (Lair:6)
  11 centaurs
  15 ogres
  11 crocodiles
  A big kobold (D:9)
  22 bullfrogs
  A gnoll sergeant (D:11)
  5 scorpions
  A swamp dragon simulacrum (IceCv)
  10 killer bees
  16 wights
  An electric eel (Lair:1)
  5 centaur zombies
  A howler monkey (D:4)
  7 crimson imps
  2 quasits
  9 jellies
  32 orc priests
  A draconian simulacrum (IceCv)
  4 hounds
  A gnoll shaman (D:8)
  3 centaur skeletons
  4 iguanas
  2 bullfrog skeletons
  Ijyb (D:5)
  21 orc wizards
  6 troll simulacra (IceCv)
  3 spriggan simulacra (IceCv)
  A polar bear simulacrum (IceCv)
  16 worker ants
  A wolf simulacrum (IceCv)
  2 centaur simulacra
  5 hound skeletons
  5 mummies (Ossuary)
  A worker ant zombie (D:7)
  18 gnolls
  12 adders
  5 naga simulacra (IceCv)
  4 ogre simulacra (IceCv)
  2 river rats (D:3)
  3 shadow imps
  12 white imps (IceCv)
  10 oozes
  2 adder zombies
  2 worms
  4 dart slugs
  2 leopard geckos
  103 orcs
  7 ball pythons
  8 giant cockroaches
  2 gnoll zombies (Ossuary)
  7 goblins
  4 hobgoblins
  6 jackals
  11 kobolds
  2 quokkas
  6 bats
  8 frilled lizards
  A goblin zombie (D:6)
  A hobgoblin zombie (Ossuary)
  A jackal skeleton (D:4)
  A jackal zombie (D:4)
  A kobold zombie (Ossuary)
  A leopard gecko skeleton (D:7)
  A leopard gecko zombie (D:7)
  3 orc zombies (Ossuary)
  A quokka zombie (D:6)
  6 rats
928 creatures vanquished.

Vanquished Creatures (collateral kills)
  An entropy weaver (Lair:3)
  A hornet (Swamp:1)
  A spriggan (Swamp:1)
3 creatures vanquished.

Vanquished Creatures (others)
  A ghost crab (Lair:3)
  A slime creature (Swamp:3)
  An orc wizard (D:3)
  A jackal zombie (D:7)
  35 fungi
  30 plants
  2 withered plants (Swamp:3)
71 creatures vanquished.

Grand Total: 1002 creatures vanquished

Notes
Turn   | Place    | Note
-------+----------+-------------------------------------------
     0 | D:1      | Blackhawk the Gargoyle Gladiator began the quest for the
                  | Orb.
     0 | D:1      | Reached XP level 1. HP: 12/12 MP: 1/1
   221 | D:1      | Reached XP level 2. HP: 18/18 MP: 2/2
   802 | D:1      | Reached XP level 3. HP: 13/22 MP: 3/3
  1310 | D:2      | Found a blossoming altar of Fedhas.
  1360 | D:2      | Found a shattered altar of Ashenzari.
  1530 | D:2      | Reached skill level 1 in Armour
  1566 | D:2      | Reached XP level 4. HP: 27/27 MP: 4/4
  1569 | D:2      | Reached skill level 3 in Fighting
  2306 | D:3      | Found a glowing drain.
  2643 | Sewer    | Entered a sewer
  2691 | Sewer    | Noticed Purgy
  2713 | Sewer    | Killed Purgy
  2713 | Sewer    | Reached XP level 5. HP: 33/33 MP: 5/5
  3125 | D:3      | Reached XP level 6. HP: 31/38 MP: 6/6
  3202 | D:3      | Found a hide-covered altar of Uskayaw.
  3212 | D:3      | Reached skill level 4 in Fighting
  3239 | D:3      | Found a shattered altar of Ashenzari.
  3240 | D:3      | Found a glowing golden altar of the Shining One.
  4033 | D:4      | Found Hacas's Magic Scroll Boutique.
  4038 | D:4      | Bought a scroll of identify for 20 gold pieces
  4038 | D:4      | Bought a scroll of teleportation for 30 gold pieces
  4038 | D:4      | Bought a scroll of remove curse for 30 gold pieces
  4076 | D:4      | Reached XP level 7. HP: 38/44 MP: 7/7
  4217 | D:4      | Found a shimmering altar of Xom.
  4217 | D:4      | Found an ancient bone altar of Kikubaaqudgha.
  4217 | D:4      | Found a snail-covered altar of Cheibriados.
  5179 | D:4      | Reached skill level 5 in Maces & Flails
  5273 | D:4      | Found a deep blue altar of Sif Muna.
  5640 | D:4      | Reached skill level 5 in Fighting
  5878 | D:4      | Reached XP level 8. HP: 41/49 MP: 8/8
  5975 | D:5      | Entered Level 5 of the Dungeon
  6257 | D:5      | Found a staircase to the Ecumenical Temple.
  6266 | Temple   | Entered the Ecumenical Temple
  6322 | Temple   | Became a worshipper of Warmaster Okawaru
  6391 | D:5      | Noticed Ijyb
  6406 | D:5      | Killed Ijyb
  6593 | D:5      | Got a bloodstained whip
  6867 | D:4      | Identified the +4 whip "Ranem" {slash, rElec Int+7 Dex-2}
                  | (You found it on level 5 of the Dungeon)
  7378 | D:6      | Reached skill level 5 in Armour
  7508 | D:6      | Reached skill level 6 in Fighting
  7508 | D:6      | Reached skill level 5 in Throwing
  7523 | D:6      | Reached * piety under Okawaru
  7523 | D:6      | Reached skill level 1 in Shields
  7706 | D:6      | Reached XP level 9. HP: 55/55 MP: 9/9
  7918 | D:6      | Found a sand-covered staircase.
  7936 | Ossuary  | Entered an ossuary
  8460 | D:7      | Reached ** piety under Okawaru
  8592 | D:7      | Found Ceirph's Jewellery Boutique.
  8728 | D:7      | Reached skill level 7 in Fighting
  8974 | D:7      | Found a shadowy altar of Dithmenos.
  9207 | D:8      | Found a hazy altar of Hepliaklqana.
  9208 | D:8      | Found a glowing silver altar of Zin.
  9209 | D:8      | Found a burning altar of Makhleb.
  9210 | D:8      | Found a stormy altar of Qazlal.
  9576 | D:8      | Found Astrap's Food Shop.
  9686 | D:8      | Reached XP level 10. HP: 56/63 MP: 10/10
  9763 | D:8      | Found a blossoming altar of Fedhas.
  9814 | D:8      | Reached *** piety under Okawaru
 10200 | D:9      | Received a gift from Okawaru
 10265 | D:9      | Noticed a two-headed ogre
 10299 | D:9      | Killed a two-headed ogre
 10299 | D:9      | Reached skill level 8 in Fighting
 10299 | D:9      | Reached skill level 5 in Shields
 11119 | D:9      | Reached **** piety under Okawaru
 11705 | D:10     | Entered Level 10 of the Dungeon
 11738 | D:9      | Reached XP level 11. HP: 16/69 MP: 11/11
 12327 | D:10     | Reached skill level 9 in Fighting
 12383 | D:10     | Reached ***** piety under Okawaru
 12727 | D:10     | Received a gift from Okawaru
 13230 | D:10     | Noticed a two-headed ogre
 13292 | D:10     | Killed a two-headed ogre
 13461 | D:10     | Found a staircase to the Orcish Mines.
 13695 | D:11     | Found a staircase to the Lair.
 13747 | D:11     | Received a gift from Okawaru
 14392 | D:11     | Noticed a two-headed ogre
 14392 | D:11     | Noticed a cyclops
 14430 | D:11     | Killed a two-headed ogre
 14461 | D:11     | Killed a cyclops
 14548 | D:11     | Noticed a cyan ugly thing
 14550 | D:11     | Noticed a green ugly thing
 14573 | D:11     | Killed a cyan ugly thing
 14625 | D:11     | Killed a cyan ugly thing
 14625 | D:11     | Reached XP level 12. HP: 67/77 MP: 12/12
 14748 | D:11     | Received a gift from Okawaru
 14748 | D:11     | Reached skill level 10 in Fighting
 14994 | Lair:1   | Entered Level 1 of the Lair of Beasts
 15005 | Lair:1   | You fall through a shaft!
 15120 | Lair:2   | Noticed a four-headed hydra
 15135 | Lair:2   | Killed a four-headed hydra
 15135 | Lair:2   | Received a gift from Okawaru
 15317 | Lair:2   | Found a runed translucent door.
 15322 | Lair:2   | Noticed Taehiq's ghost (journeyman DECj)
 15467 | Lair:1   | Noticed a seven-headed hydra
 15505 | Lair:1   | Killed a seven-headed hydra
 15759 | Lair:1   | Reached skill level 10 in Armour
 15769 | Lair:1   | Received a gift from Okawaru
 16115 | Lair:1   | Noticed a four-headed hydra
 16131 | Lair:1   | Killed a four-headed hydra
 16131 | Lair:1   | Received a gift from Okawaru
 16690 | Lair:2   | Reached skill level 10 in Maces & Flails
 17118 | Lair:3   | Found a runed translucent door.
 17222 | Lair:3   | Found a frozen archway.
 17308 | IceCv    | Entered an ice cave
 18354 | IceCv    | Found an ancient bone altar of Kikubaaqudgha.
 18371 | IceCv    | Reached skill level 11 in Fighting
 18371 | IceCv    | Reached skill level 1 in Invocations
 18371 | IceCv    | Reached XP level 13. HP: 84/84 MP: 10/13
 18385 | IceCv    | Received a gift from Okawaru
 19359 | Lair:3   | Received a gift from Okawaru
 19426 | Lair:3   | Got a pair of heavily runed gloves {god gift}
 19437 | Lair:3   | Identified the +0 pair of gloves "Wurysox" {Stlth+}
                  | (Okawaru gifted it to you on level 3 of the Lair of Beasts)
 19771 | Lair:3   | Got a brightly glowing lapis lazuli ring
 20191 | Lair:3   | Identified the ring "Micotz" {rC+ Int+4} (You found it on
                  | level 3 of the Lair of Beasts)
 20433 | Lair:4   | Found a hole to the Spider Nest.
 20893 | Lair:4   | Found a staircase to the Swamp.
 21828 | Lair:4   | Reached skill level 10 in Shields
 22500 | Lair:5   | Reached skill level 10 in Throwing
 23186 | Lair:6   | Entered Level 6 of the Lair of Beasts
 23408 | Lair:6   | Noticed a death ooze
 23447 | Lair:5   | Gained mutation: Your large and strong wings let you fly
                  | indefinitely. [Gargoyle growth]
 23447 | Lair:5   | Reached XP level 14. HP: 87/91 MP: 17/17
 23545 | Lair:6   | Noticed an azure jelly
 23898 | Lair:6   | Paralysed by a great orb of eyes for 4 turns
 23920 | Lair:6   | Paralysed by a great orb of eyes for 6 turns
 24436 | Lair:6   | Reached skill level 5 in Invocations
 24517 | Lair:6   | Noticed Urug
 24530 | Lair:6   | Killed Urug
 24530 | Lair:6   | Reached skill level 12 in Fighting
 24590 | Lair:6   | Received a gift from Okawaru
 24590 | Lair:6   | Reached skill level 5 in Dodging
 24747 | Lair:6   | Received a gift from Okawaru
 24856 | Lair:6   | HP: 4/92 [spriggan rider/cursed -2 spear (14)]
 25770 | Lair:6   | Found a viscous altar of Jiyva.
 26097 | Lair:6   | Found a staircase to the Slime Pits.
 26317 | Lair:6   | Identified the amulet of Moxielojo {+Blink +Rage rN+ Int+6}
                  | (You found it on level 6 of the Lair of Beasts)
 26482 | Lair:6   | Killed an azure jelly
 26942 | Lair:3   | Noticed an entropy weaver
 26952 | Lair:3   | Killed an entropy weaver
 27169 | Lair:3   | Noticed an entropy weaver
 27778 | Lair:3   | Noticed an entropy weaver
 27808 | Lair:3   | Killed an entropy weaver
 28340 | Lair:2   | Killed an entropy weaver
 28403 | Lair:2   | Killed Taehiq's ghost
 28403 | Lair:2   | Received a gift from Okawaru
 28677 | D:12     | Noticed Snorg
 28746 | D:11     | Killed Snorg
 28746 | D:11     | Reached XP level 15. HP: 59/97 MP: 18/20
 29218 | D:7      | Bought an uncursed ring of protection from magic for 375
                  | gold pieces
 29218 | D:7      | Bought an uncursed ring of see invisible for 225 gold
                  | pieces
 29353 | D:12     | Received a gift from Okawaru
 29369 | D:12     | Noticed Kirke
 29398 | D:12     | Killed Kirke
 29541 | D:12     | Reached ****** piety under Okawaru
 29541 | D:12     | Received a gift from Okawaru
 30495 | D:13     | Received a gift from Okawaru
 30759 | D:13     | Reached skill level 13 in Fighting
 31182 | D:13     | Noticed Nessos
 31408 | D:13     | Killed Nessos
 31408 | D:13     | Received a gift from Okawaru
 32164 | D:14     | Received a gift from Okawaru
 33350 | D:14     | Received a gift from Okawaru
 33468 | D:14     | Identified the Guide on the Ashen Traveller
 33580 | D:14     | Found a gate to the Vaults.
 33811 | D:15     | Entered Level 15 of the Dungeon
 34019 | D:15     | Received a gift from Okawaru
 34507 | D:15     | Received a gift from Okawaru
 34790 | D:15     | Found a staircase to the Depths.
 34985 | D:15     | Upgraded the game from 0.24-a0-5-g797c3c0 to
                  | 0.24-a0-7-g1bb0902
 35058 | Depths:1 | Entered Level 1 of the Depths
 35525 | Orc:1    | Entered Level 1 of the Orcish Mines
 35668 | Orc:1    | Found a runed translucent gate.
 36022 | Orc:1    | Found a runed translucent gate.
 36025 | Orc:1    | Found a runed translucent gate.
 36029 | Orc:1    | Found a roughly hewn altar of Beogh.
 36534 | Orc:1    | Noticed Wombat's ghost (journeyman FoSk)
 36569 | Orc:2    | Entered Level 2 of the Orcish Mines
 36587 | Orc:2    | Received a gift from Okawaru
 36602 | Orc:2    | Got a fine flail {god gift}
 36604 | Orc:2    | Identified the +5 flail of the Unseen Realm {crush, rF+}
                  | (Okawaru gifted it to you on level 2 of the Orcish Mines)
 36986 | Orc:2    | Reached XP level 16. HP: 93/104 MP: 21/21
 37111 | Orc:2    | Found a staircase to the Elven Halls.
 37733 | Orc:2    | Found Rayzy's Jewellery Emporium.
 38743 | Orc:2    | Found Ofral's General Store.
 38875 | Orc:2    | Found Serut's Magic Scroll Shop.
 39478 | Orc:2    | Paralysed by an orc sorcerer for 2 turns
 39886 | Orc:2    | Paralysed by an orc sorcerer for 2 turns
 40134 | Orc:2    | Paralysed by an orc sorcerer for 3 turns
 40344 | Orc:2    | Found Vamay's Gadget Emporium.
 40344 | Orc:2    | Found Qafaast's Antique Weapon Shoppe.
 40344 | Orc:2    | Found a one-way gate leading to the halls of Pandemonium.
 40626 | Swamp:1  | Entered Level 1 of the Swamp
 40994 | Swamp:1  | Reached skill level 14 in Fighting
 41296 | Swamp:1  | Received a gift from Okawaru
 41303 | Swamp:1  | Identified the +8 hand crossbow "Sanilor" {penet, Str+3
                  | Stlth+} (Okawaru gifted it to you on level 1 of the Swamp)
 42268 | Swamp:2  | Found an opulent altar of Gozag.
 43033 | Swamp:2  | Received a gift from Okawaru
 43033 | Swamp:2  | Reached skill level 1 in Evocations
 43374 | Swamp:3  | Found the +7 lajatang of Order {silver, rMut}
 43661 | Swamp:3  | Reached skill level 1 in Staves
 43734 | Swamp:3  | Found a runed translucent gate.
 43734 | Swamp:3  | Found a runed translucent gate.
 43734 | Swamp:3  | Found a runed translucent gate.
 43734 | Swamp:3  | Noticed Xosh's ghost (journeyman FeBe)
 43735 | Swamp:3  | Noticed Blackhawk's ghost (journeyman DsFi)
 43735 | Swamp:3  | Noticed Giowk's ghost (adept DrTm)
 43788 | Swamp:3  | Mangled by an enormous slime creature

Vault maps used:
D:1:      minmay_arrival_jagged, minmay_hedge_maze, st_stairs_12
D:2:      lemuel_round_altar, ashenzari_altar_1
D:3:      minitemple, portal_sewer_entry_b, minmay_misc_feat_ornament
D:4:      kennysheep_spiral_hall, grunt_temple_overflow_open,
          lemuel_blue_sif_altar, first_ration, serial_shops, nicolae_shop_stone,
          serial_undead, serial_undead_c, serial_undead_e, serial_undead_c,
          serial_undead_e
D:5:      minmay_temple_entry_stoned_glass, hex_large, uniq_ijyb
D:6:      enter_ossuary_4
D:7:      old_standard_altar, serial_curves, eino_curves_04, eino_curves_03,
          serial_shops, shop, grunt_ogre_cave
D:8:      chequers_temple_overflow_statue_of_worship, serial_shops,
          nicolae_shop_waterfront, fedhas_altar_1
D:10:     david_orc_4
D:11:     due_lair_maze_entry_diamond
D:12:     uniq_snorg, uniq_kirke
D:13:     serial_glass, glass_columns_a, glass_columns_a, glass_columns_a,
          glass_columns_a, glass_columns_c, glass_columns_a, glass_columns_a,
          glass_columns_b, glass_columns_a, glass_columns_c,
          due_unseen_surprise, feat_on_display, feat_on_display,
          feat_on_display, minmay_tree_intersection, pond, uniq_nessos
D:14:     david_vaults_1, serial_bayou_pond_c
D:15:     grunt_enter_depths_snipers, serial_bayou_pond_e
Temple:   jpeg_temple_island
Lair:1:   guppyfry_lair_drakes, grunt_megastairs_4, serial_bayou_shore_b
Lair:2:   ebering_ghost_reflecting_pool, lemuel_old_faithful
Lair:3:   gammafunk_mikee_crab_dinner, portal_ice_cave_entry_ice_beasts,
          st_stairs_13, serial_bayou_pond_c, grunt_megastairs_1
Lair:4:   skrybe_swamp_entry_bodies, spider_nest_entry_a
Lair:5:   chequers_serial_rivers_room_b, grunt_megastairs_3
Lair:6:   minmay_lair_end_enchanted_forest, dpeg_slime_entry_corner,
          serial_forest, infiniplex_forest_diagonal, infiniplex_forest_split,
          infiniplex_forest_lined_3, infiniplex_forest_lined_2,
          infiniplex_forest_clump_large, infiniplex_forest_clump_curved,
          infiniplex_forest_straight_1, infiniplex_forest_straight_3,
          infiniplex_forest_join, special_room, uniq_urug
Swamp:1:  evilmike_swamp_ruin_house_4, infiniplex_staircase_pool
Swamp:2:  nicolae_swamp_godswood, swamp_pool5
Swamp:3:  gammafunk_ghost_cemetery, evilmike_swamp_ruin_house_3, swamp_pool2,
          grunt_lady_of_the_lake, infiniplex_staircase_pool_2
Orc:1:    gammafunk_ghost_fury_of_okawaru, mines2_david
Orc:2:    pf_orc_diabolical, minmay_shop_enchanted_jewellery
Depths:1: grunt_hell_horde, enter_trove_0, kennysheep_flooded_box,
          cheibriados_altar_1
Sewer:    sewer_co_purgy_island
Ossuary:  ossuary_crypta
IceCv:    ice_cave_small_necro

Skill      XL: |  1  2  3  4  5  6  7  8  9 10 11 12 13 14 15 16 |
---------------+-------------------------------------------------+-----
Throwing       | 2 3 4 5 6 7 8 9 10 11 | 11.5
Armour         | 1 2 3 4 5 6 8 9 10 11 12 | 12.4
Fighting       | 3 4 5 6 7 8 9 11 12 13 14 | 14.7
Maces & Flails | 4 5 6 7 8 9 10 11 12 13 | 13.3
Shields        | 2 4 6 7 9 10 11 12 | 12.2
Dodging        | 3 4 6 7 8 |  8.2
Invocations    | 1 4 6 |  6.9
Evocations     | 1 |  1.6
Staves         | 1 |  1.5

Action                   |  1- 3 |  4- 6 |  7- 9 | 10-12 | 13-15 | 16-18 || total
-------------------------+-------+-------+-------+-------+-------+-------++-------
Melee: Flail             |   110 |   189 |   287 |    30 |       |   363 ||   979
       Whip              |       |       |   401 |  1367 |  2742 |   456 ||  4966
       Short sword       |       |       |       |    14 |       |       ||    14
Throw: Tomahawk          |       |       |       |       |    13 |       ||    13
Invok: Heroism           |       |       |       |     5 |    13 |     1 ||    19
       Finesse           |       |       |       |     2 |     6 |       ||     8
 Abil: Fly               |       |       |       |       |       |     3 ||     3
       Stop Flying       |       |       |       |       |       |     2 ||     2
Evoke: Wand              |       |       |       |       |    19 |     7 ||    26
  Use: Potion            |       |     6 |     1 |     4 |     5 |     2 ||    18
       Scroll            |       |       |     9 |    12 |    15 |     2 ||    38
 Stab: Sleeping          |       |       |       |       |     3 |       ||     3
       Distracted        |       |       |       |       |     1 |     1 ||     2
       Confused          |       |       |       |       |       |     5 ||     5
  Eat: Chunk             |     2 |     8 |    19 |    29 |    41 |    19 ||   118
       Ration            |       |       |       |     1 |     6 |     1 ||     8
Armor: Leather armour    |    22 |       |       |       |       |       ||    22
       Ring mail         |    29 |   147 |   332 |   497 |   931 |   257 ||  2193
Dodge: Dodged            |   101 |   156 |   235 |   246 |   498 |   204 ||  1440
Block: Large shield      |       |       |   239 |  1025 |  2009 |   671 ||  3944

Table legend:
 A = Non-vault XP
 B = Vault XP
 C = Vault XP percentage of total XP
 D = Non-vault monster count
 E = Vault monster count
 F = Vault count percentage of total count
                 A         B        C        D         E       F
            +---------+---------+-------+---------+---------+-------
      Total |  108113 |   65090 |  37.6 |     620 |     312 |  33.5
            +---------+---------+-------+---------+---------+-------
        D:1 |      43 |       2 |   4.4 |      22 |       2 |   8.3
        D:2 |      51 |       0 |   0.0 |      14 |       0 |   0.0
        D:3 |     242 |      36 |  12.9 |      22 |       6 |  21.4
        D:4 |     419 |     246 |  37.0 |      26 |       7 |  21.2
        D:5 |     457 |      36 |   7.3 |      14 |       1 |   6.7
        D:6 |    1115 |       2 |   0.2 |      19 |       2 |   9.5
        D:7 |     883 |     122 |  12.1 |      20 |       1 |   4.8
        D:8 |    1360 |       0 |   0.0 |      21 |       0 |   0.0
        D:9 |    4116 |       0 |   0.0 |      48 |       0 |   0.0
       D:10 |    4462 |     833 |  15.7 |      32 |      17 |  34.7
       D:11 |    4069 |    2223 |  35.3 |      39 |      10 |  20.4
       D:12 |    7331 |    2619 |  26.3 |      42 |       4 |   8.7
       D:13 |    6637 |    2515 |  27.5 |      19 |       8 |  29.6
       D:14 |    5698 |     968 |  14.5 |      20 |       2 |   9.1
       D:15 |    7991 |    2360 |  22.8 |      20 |       3 |  13.0
     Lair:1 |    4065 |     999 |  19.7 |      16 |       4 |  20.0
     Lair:2 |    2609 |    2267 |  46.5 |       8 |       2 |  20.0
     Lair:3 |     939 |   11382 |  92.4 |       5 |      24 |  82.8
     Lair:4 |    5720 |     939 |  14.1 |      16 |       4 |  20.0
     Lair:5 |   10719 |     207 |   1.9 |      41 |       5 |  10.9
     Lair:6 |    5928 |   14584 |  71.1 |      19 |      66 |  77.6
    Swamp:1 |    9617 |       0 |   0.0 |      21 |       0 |   0.0
    Swamp:2 |   10642 |     399 |   3.6 |      20 |       3 |  13.0
    Swamp:3 |    5526 |       0 |   0.0 |      19 |       0 |   0.0
      Orc:1 |    3542 |      21 |   0.6 |      30 |       7 |  18.9
      Orc:2 |    2613 |   15646 |  85.7 |      44 |      58 |  56.9
   Depths:1 |    1319 |       0 |   0.0 |       3 |       0 |   0.0
      Sewer |       0 |     164 | 100.0 |       0 |       9 | 100.0
    Ossuary |       0 |     147 | 100.0 |       0 |      13 | 100.0
      IceCv |       0 |    6373 | 100.0 |       0 |      54 | 100.0
            +---------+---------+-------+---------+---------+-------
